 Dungeon Crawl Stone Soup version 0.17-a0-1123-g6d3914c (console) character file.

1308 Monkaria the Carver (level 8, -2/62 HPs)
             Began as a Demonspawn Chaos Knight on May 24, 2015.
             Slain by Menkaure (7 damage)
             ... on level 5 of the Dungeon.
             The game lasted 00:08:17 (5142 turns).

Monkaria the Carver (Demonspawn Chaos Knight)       Turns: 5142, Time: 00:08:17

Health: -2/62      AC:  9    Str: 14    XL:     8   Next: 32%
Magic:  0/8        EV: 13    Int: 15    God:    Xom [.*....]
Gold:   313        SH:  0    Dex: 12    Spells: 0 memorised, 7 levels left

rFire  + . .     SeeInvis .     a - +0 falchion (chaos)
rCold  . . .     Clarity  .     b - +2 leather armour
rNeg   . . .     SustAt   +     (no shield)
rPois  .         Gourm    .     p - +0 helmet
rElec  .         Spirit   +     d - +1 cloak
rCorr  .         Warding  .     q - +0 pair of gloves
rMut   .         Stasis   .     (no boots)
MR     .....                    (no amulet)
Stlth  +.........               (no ring)
                                j - ring of sustain attributes

@: invisible, not resistant to hostile enchantments, very unstealthy
A: hooves 2, repulsion field 1, fire resistance 1, magic shield
a: Renounce Religion


You were on level 5 of the Dungeon.
You worshipped Xom.
You were a plaything of Xom.
You were not hungry.

You visited 1 branch of the dungeon, and saw 5 of its levels.

You collected 313 gold pieces.

Inventory:

Hand weapons
 a - a +0 falchion of chaos (weapon)
 o - a +0 dagger of protection
 y - a +0 blowgun
Missiles
 v - 18 tomahawks (quivered)
 A - 11 poisoned needles
Armour
 b - a +2 leather armour (worn)
 d - a +1 cloak (worn)
 p - a +0 helmet (worn)
 q - a +0 pair of gloves (worn)
 u - a +0 large shield
Jewellery
 j - a ring of sustain attributes (left hand)
Magical devices
 w - a wand of flame (16)
Scrolls
 e - a scroll of noise
 i - 3 scrolls of teleportation {unknown}
 k - 5 scrolls of identify {unknown}
 n - a scroll of amnesia {unknown}
 r - 2 scrolls of magic mapping {unknown}
 t - a scroll of recharging {unknown}
 z - 2 scrolls of remove curse
 B - a scroll of immolation {unknown}
 C - a scroll of fear {unknown}
Potions
 h - a potion of flight {unknown}
 l - a potion of heal wounds {unknown}
 s - 2 potions of cancellation
 x - a potion of mutation {unknown}
 D - a potion of ambrosia {unknown}
Comestibles
 c - 3 bread rations
 g - a meat ration


   Skills:
 - Level 5.3 Fighting
 + Level 8.8 Long Blades
 - Level 1.7 Armour
 - Level 0.8 Dodging


You had 7 spell levels left.
You didn't know any spells.

Dungeon Overview and Level Annotations

Branches:
Dungeon (5/15)
 Temple: D:4-7

Altars:
Qazlal
Trog
Vehumet

Shops:
D:4 (

Annotations:
D:5 Menkaure


Innate Abilities, Weirdness & Mutations

You have hoof-like feet.
You are surrounded by a mild repulsion field (EV +2).
Your flesh is heat resistant.
When hurt, damage is shared between your health and your magic reserves.


Message History

You barely miss Menkaure.
Menkaure is moderately damaged.
Menkaure completely misses you.
You barely miss Menkaure. You kick Menkaure, but do no damage.
Menkaure is moderately damaged.
Xom's power touches on a nearby monster.
Menkaure hits you!
* * * LOW HITPOINT WARNING * * *
Drink which item? (? for menu, Esc to quit)
You feel better. Menkaure hits you!
* * * LOW HITPOINT WARNING * * *
Menkaure hits you!
* * * LOW HITPOINT WARNING * * *
Drink which item? (? for menu, Esc to quit)
It was a potion of invisibility.
You fade into invisibility!
Menkaure rustles in an indecipherable tongue.
Menkaure hits you!
You die...
Xom cackles wildly!

########### #.........#
#.#######.# #.# #.#
#####.#######.######.##
#.............#.M......
#.###..##.###..@# #.#
#..##.###...## #.#
#..##.##.....# #.#
#..(........## #.#
##.######..## #.##
#.######..#
#..###.........#
##...##########'##
.....# ##...##


You could see Menkaure.

Vanquished Creatures
  A human (D:5)
  An ogre (D:5)
  4 scorpions
  A gnoll shaman (D:4)
  A centaur skeleton (D:4)
  Crazy Yiuf (D:3)
  4 hounds (D:4)
  An orc priest (D:4)
  A giant frog skeleton (D:4)
  4 orc wizards
  Terence (D:2)
  2 iguanas (D:4)
  3 worker ants (D:4)
  2 worker ant zombies (D:5)
  Robin (D:2)
  6 adders
  13 gnolls
  2 oozes (D:2)
  2 worms
  An adder skeleton (D:5)
  2 giant geckos
  27 orcs
  3 ball pythons
  3 bats
  A bat skeleton (D:5)
  6 giant cockroaches
  23 goblins
  10 hobgoblins
  17 jackals
  6 kobolds
  5 quokkas
  3 giant newts
  5 rats
163 creatures vanquished.

Notes
Turn   | Place    | Note
--------------------------------------------------------------
     0 | D:1      | Monkaria the Demonspawn Chaos Knight began the quest for the Orb.
     0 | D:1      | Reached XP level 1. HP: 18/18 MP: 1/1
   126 | D:1      | Gained mutation: You are surrounded by a mild repulsion field (EV +2). [demonic ancestry]
   126 | D:1      | Reached XP level 2. HP: 22/24 MP: 2/2
   143 | D:1      | XOM: harmless Air miscast
   409 | D:1      | XOM: harmless Hex miscast
   609 | D:2      | XOM: harmless Ice miscast
   614 | D:2      | Noticed Robin
   622 | D:2      | Reached skill level 4 in Fighting
   635 | D:2      | Killed Robin
   635 | D:2      | Reached XP level 3. HP: 16/31 MP: 3/3
   736 | D:2      | Noticed Terence
   756 | D:2      | Killed Terence
   756 | D:2      | Reached skill level 5 in Fighting
   756 | D:2      | Gained mutation: You have large cloven feet. [demonic ancestry]
   756 | D:2      | Reached XP level 4. HP: 8/39 MP: 4/4
   893 | D:2      | XOM: silly message
  1521 | D:2      | Found a radiant altar of Vehumet.
  1565 | D:2      | Found a bloodstained altar of Trog.
  1710 | D:3      | Gained mutation: When hurt, damage is shared between your health and your magic reserves. [demonic ancestry]
  1710 | D:3      | Reached XP level 5. HP: 31/44 MP: 5/5
  1944 | D:3      | XOM: silly message
  1985 | D:3      | Noticed Crazy Yiuf
  1990 | D:3      | Killed Crazy Yiuf
  2087 | D:3      | XOM: confusion
  2090 | D:3      | XOM: noise
  2480 | D:3      | Gained mutation: Your flesh is heat resistant. [demonic ancestry]
  2480 | D:3      | Reached XP level 6. HP: 48/51 MP: 6/6
  2518 | D:3      | Found a stormy altar of Qazlal.
  2572 | D:3      | XOM: confusion
  2581 | D:3      | Reached skill level 5 in Long Blades
  3144 | D:4      | Reached skill level 6 in Long Blades
  3160 | D:4      | Reached XP level 7. HP: 47/56 MP: 5/7
  3289 | D:4      | XOM: potion effect (magic)
  3303 | D:4      | XOM: potion effect (berserk rage)
  3333 | D:4      | XOM: noise
  3499 | D:3      | XOM: harmless Summ miscast
  3660 | D:4      | Reached skill level 7 in Long Blades
  3890 | D:4      | Found Haaluopyin's Antique Weapon Boutique.
  4585 | D:5      | Entered Level 5 of the Dungeon
  4653 | D:5      | XOM: cast spell 'Ice Form'
  4659 | D:5      | XOM: smoke on damage
  4661 | D:5      | Reached skill level 8 in Long Blades
  4661 | D:5      | Gained mutation: You have hoof-like feet. [demonic ancestry]
  4661 | D:5      | Reached XP level 8. HP: 49/62 MP: 6/8
  4707 | D:5      | XOM: silly message
  4821 | D:5      | XOM: enchant monster (good)
  4991 | D:5      | XOM: butterfly on damage
  5130 | D:5      | Noticed Menkaure
  5137 | D:5      | XOM: enchant monster (bad)
  5140 | D:5      | XOM: enchant monster (bad)
  5142 | D:5      | Slain by Menkaure

Vault maps used:
D:1:      lightli_arrival_statue_moat, grunt_decor_mini_mirrors,
          corexii_hall_statues_i
D:2:      bloody_trog, nicolae_overflow_crystal_walls, uniq_robin, uniq_terence
D:3:      nicolae_qazlal_general_emergency, first_bread, uniq_crazy_yiuf_cottage
D:4:      serial_shops, nicolae_shop_trees, st_stairs_9, hex_tiny,
          hangedman_decor_lopped, minmay_misc_feat_roman
D:5:      uniq_menkaure

Action                   |  1- 3 |  4- 6 |  7- 9 || total
-------------------------+-------+-------+-------++-------
Melee: Falchion          |    88 |   259 |   274 ||   621
       Unarmed           |       |       |    10 ||    10
  Use: Potion            |     1 |     6 |     2 ||     9
       Scroll            |       |     2 |       ||     2
 Stab: Petrified         |       |     3 |       ||     3
       Confused          |       |     3 |       ||     3
       Petrifying        |       |     2 |       ||     2
       Paralysed         |       |     2 |     3 ||     5
  Eat: Chunk             |       |     8 |     6 ||    14
       Pizza             |       |       |     1 ||     1
